 Dungeon Crawl Stone Soup version 0.29.1-12-g30fa7ad0bf (webtiles) character file.

Game seed: 6829036753721419788

4 Gabide the Sneak (level 1, -4/21 HPs)
             Began as a Naga Delver on Jan 18, 2023.
             Slain by an orc
             ... wielding a +1 flail of protection
              (8 damage)
             ... on level 5 of the Dungeon.
             The game lasted 00:01:29 (336 turns).

Gabide the Sneak (Naga Delver)                       Turns: 336, Time: 00:01:29

Health: -4/21      AC:  1    Str: 14    XL:     1   Next: 60%
Magic:  1/1        EV:  9    Int: 10    God:
Gold:   0          SH:  0    Dex: 12    Spells: 0/0 levels left

rFire   . . .      SeeInvis +   a - +0 short sword
rCold   . . .      Faith    .   (no shield)
rNeg    . . .      Spirit   .   b - +0 leather armour
rPois   +          Reflect  .   (no helmet)
rElec   .          Harm     .   (no cloak)
rCorr   .          Rampage  .   (no gloves)
Will    .....                   (no barding)
Stlth   +++.......              (no amulet)
HPRegen 0.07/turn               (no ring)
MPRegen 0.07/turn               (no ring)

@: short of breath, very slow
A: AC +0, large, see invisible, deformed body, poison resistance, slowness 2,
spit poison 1, naga tail 1
a: Spit Poison


You were on level 5 of the Dungeon.
You visited 1 branch of the dungeon, and saw 2 of its levels.

Inventory:

Hand Weapons
 a - a +0 short sword (weapon)
Armour
 b - a +0 leather armour (worn)
Wands
 g - a wand of digging (3)
Scrolls
 c - a scroll of fog
 d - a scroll of magic mapping
 h - a scroll of identify {unknown}
Potions
 f - a potion of haste


   Skills:
 + Level 3.0 Fighting
 + Level 2.1 Short Blades
 + Level 1.6 Dodging
 + Level 7.3 Stealth


You couldn't memorise any spells.
You didn't know any spells.
Your spell library was empty.

Dungeon Overview and Level Annotations

Branches:
Dungeon (6/15)
 Temple: D:4-7

Altars:


Innate Abilities, Weirdness & Mutations

Your serpentine skin is tough. (AC +0)
You have supernaturally acute eyesight. (SInv)
Armour fits poorly on your strangely shaped body.
Your system is resistant to poisons. (rPois)
You cover ground very slowly.
You can spit poison.
You have a snake-like lower body.


Message History

The orc hits you with a +0 whip.
* * * LOW HITPOINT WARNING * * *
Okay, then.
Okay, then.
You hit the orc but do no damage.
The orc is moderately wounded.
The orc hits you with a +0 whip.
* * * LOW HITPOINT WARNING * * *
As you read the scroll of fear, it crumbles to dust.
You assume a fearsome visage.
The orc looks frightened! x2
You have got your breath back.
Aiming: Spit Poison (3% risk of failure)
Press: ? - help, Q - select action Shift-Dir - straight line, f - orc
Aim: an orc, wielding a +0 whip (moderately wounded, fleeing, 53% to hit)
The splash of poison misses the orc.
You have got your breath back.
There is a stone staircase leading down here.
You climb downwards.
There is a stone staircase leading up here.
You start resting.
HP restored.
There is a stone staircase leading up here.
You climb upwards.
You hear the sound of rushing water.
There is an entrance to a sewer on this level.
Hurry and find it before the portal rusts away!
You hear the brisk rusting of a drain very nearby.
The orc barely misses you.
The orc hits you with a +1 flail of protection!
There is a stone staircase leading down, spattered with blood here.
You fail to use your ability.
The orc barely misses you.
The splash of poison hits the orc but does no damage.
The orc is poisoned.
The orc hits you with a +1 flail of protection.
You hit the orc.
The orc is moderately wounded.
The orc hits you with a +1 flail of protection.
* * * LOW HITPOINT WARNING * * *
The orc attacks as you move away!
The orc hits you with a +1 flail of protection!
You die...

#.# #.# #.#
#.# #.# #.#
##.###### #.#
#>........
###.#
#.........
...#
#.#######.
####.####.#
#.o@......#
##.##.######
#.######...#o#
#........#...#
########...###
####.##
####.....#
#........#
#.##.....#


You could see 2 orcs.

Vanquished Creatures
  2 orcs (D:5)
2 creatures vanquished.

Vanquished Creatures (others)
  A quokka (D:6)
  20 plants (D:6)
21 creatures vanquished.

Grand Total: 23 creatures vanquished

Notes
Turn   | Place    | Note
-------+----------+-------------------------------------------
     0 | D:5      | Gabide the Naga Delver began the quest for the Orb.
     0 | D:5      | Reached XP level 1. HP: 21/21 MP: 1/1
    48 | D:5      | HP: 1/21 [orc/+0 whip (5)]
   336 | D:5      | Slain by an orc

Illustrated notes

Levels and vault maps discovered:
D:5:      layout_loops_ring, cheibrodos_sewer_entry_sluice,
          lightli_church_of_beogh
D:6:      wad_woods_tower, layout_loops_ring, elyvilon_altar_4

Action                   || total
-------------------------++-------
Melee: Short sword       ||    11
 Abil: Spit Poison       ||     4
  Use: Scroll            ||     1
Dodge: Dodged            ||     7
